 Dungeon Crawl Stone Soup version 0.31.0-32-g396128a36d (webtiles) character file.

Game seed: 2251348600465878219

807 Peloso the Slasher (level 7, -14/60 HPs)
             Began as a Minotaur Fighter on Apr 9, 2024.
             Was a Follower of Okawaru.
             Demolished by an ogre
             ... wielding a +0 giant club
              (19 damage)
             ... on level 4 of the Dungeon.
             The game lasted 00:08:13 (4450 turns).

Peloso the Slasher (Minotaur Fighter)               Turns: 4450, Time: 00:08:13

Health: -14/60     AC: 12    Str: 21    XL:     7   Next: 60%
Magic:  0/6        EV:  6    Int:  5    God:    Okawaru [*.....]
Gold:   209        SH:  6    Dex: 17    Spells: 6/6 levels left

rFire   . . .        a - +0 long sword
rCold   . . .        d - +0 buckler
rNeg    . . .        c - +0 plate armour
rPois   .            (helmet restricted)
rElec   .            (no cloak)
rCorr   .            (no gloves)
SInv    .            (no boots)
Will    .....        e - amulet of guardian spirit Stlth
                     g - +6 ring of dexterity
HPRegen 0.30/turn    (no ring)
MPRegen 0.10/turn

%: guardian spirit
@: no status effects
A: horns 2, retaliatory headbutt
a: Renounce Religion, Heroism


You were on level 4 of the Dungeon.
You worshipped Okawaru.
Okawaru was aware of your devotion.
You visited 1 branch of the dungeon, and saw 5 of its levels.
You also visited: Sewer.

You collected 209 gold pieces.

Inventory:

Hand Weapons
 a - a +0 long sword (weapon)
Armour
 b - a +0 scale mail
 c - a +0 plate armour (worn)
 d - a +0 buckler (worn)
Jewellery
 e - an amulet of guardian spirit (around neck)
 g - a +6 ring of dexterity (left hand)
Scrolls
 f - a scroll of silence
 k - a scroll of revelation
 l - a scroll of fog
 n - a scroll of identify {unknown}
 q - a scroll of amnesia {unknown}
Potions
 h - 2 potions of might
 i - 2 potions of curing {unknown}
 j - a potion of magic {unknown}
 m - a potion of invisibility {unknown}
 o - a potion of mutation {unknown}
 p - a potion of enlightenment {unknown}
 r - a potion of resistance


   Skills:
 + Level 4.8 Fighting
 + Level 7.4 Long Blades
 + Level 5.8 Armour
 + Level 1.0 Dodging
 + Level 0.1 Stealth
 + Level 5.7 Shields


You had 6 spell levels left.
You didn't know any spells.
Your spell library contained the following spells:

 Spells                   Type           Power      Damage    Failure   Level
 Ensorcelled Hibernation  Hex/Ice        0%         N/A       100%        2
 Fugue of the Fallen      Necr           0%         N/A       100%        3
 Sigil of Binding         Hex            0%         N/A       100%        3
 Anguish                  Hex/Necr       0%         N/A       100%        4
 Dimensional Bullseye     Hex/Tloc       0%         N/A       100%        4
 Call Canine Familiar     Summ           Unusable   N/A       N/A         3

Dungeon Overview and Level Annotations

Branches:
Dungeon (5/15)              Sewer (visited)
 Temple: D:4-7

Altars:
Ashenzari
Cheibriados
Dithmenos
Okawaru

Annotations:
D:4 Ijyb


Innate Abilities, Weirdness & Mutations

You have a pair of horns on your head.
You reflexively headbutt those who attack you in melee.


Message History

q - a scroll labelled JEDDESHR ATHOUR Done exploring.
Done exploring.
Done exploring.
Okay, then.
What level of the Dungeon? (default 12, ? - help)
There is an open door here.
There is an open door here.
Items here: )))) [[.
There is a stone staircase leading down here.
You climb downwards.
There is a stone staircase leading up here.
Sorry, I don't know how to get there.
r - a potion of resistance Ijyb and an ogre come into view.
Ijyb is wielding a +0 club, wearing a +0 leather armour of cold resistance and carrying a wand of flame.
The ogre shouts!
There are monsters nearby!
There are monsters nearby!
There are monsters nearby!
Ijyb breaks down the door.
Ijyb zaps a wand.
You block the puff of flame.
There is a stone staircase leading up here.
Ijyb zaps a wand.
The puff of flame hits you!
Ijyb zaps a wand.
The puff of flame misses you.
The ogre hits you with a +0 giant club!!
Ijyb zaps a wand.
The puff of flame hits you!
You climb upwards.
There is a stone staircase leading down here.
Ijyb attacks as she pursues you! You block Ijyb's attack.
The ogre attacks as it pursues you!
The ogre hits you with a +0 giant club!!
* * * LOW HITPOINT WARNING * * *
Ijyb attacks as she pursues you! Ijyb hits you with a +0 club.
* * * LOW HITPOINT WARNING * * *
Ijyb zaps a wand.
The puff of flame hits you but does no damage.
The ogre attacks as it pursues you!
The ogre hits you with a +0 giant club!!
You die...

.......# #.#...# ##.......#..
.......######[#...####.........#.
............)........'.........+.
#...#.#########...####.........##
##.##.# #>.## ##.......## ####.#
#.g# ##.....## #.# ##.# ##...##
#.# #O# ##'## ##.## #@# #.# #...#
#.#########.# #.#.#
#.#......##.###### #...#
#.#.####.#.......# ##.##
#.#.####......##.# #.#
#.#.#.##.#...#.... #####.#
#.#....#.#..##.#.# ......#
#.....##<#.###.#.# #######
###.#............#


You could see an ogre and Ijyb.

Vanquished Creatures
  A phantom (D:4)
  2 kobold brigands (Sewer)
  2 scorpions (D:3)
  2 bombardier beetles (D:4)
  3 hounds (D:4)
  A sleepcap (D:4)
  3 orc wizards (D:4)
  4 gnolls (D:4)
  4 river rats
  4 adders
  2 dart slugs
  7 ribbon worms
  9 orcs
  12 ball pythons
  6 bats
  7 endoplasms
  A giant cockroach (D:2)
  4 goblins
  2 hobgoblins (D:1)
  4 jackals (D:3)
  2 quokkas (D:3)
  5 frilled lizards
  10 kobolds
  10 rats
107 creatures vanquished.

Notes
Turn   | Place    | Note
-------+----------+-------------------------------------------
     0 | D:1      | Peloso the Minotaur Fighter began the quest for the Orb.
     0 | D:1      | Reached XP level 1. HP: 19/19 MP: 0/0
   360 | D:1      | Reached XP level 2. HP: 27/27 MP: 1/1
   976 | D:2      | Reached skill level 3 in Long Blades
   976 | D:2      | Reached XP level 3. HP: 27/33 MP: 2/2
  1021 | D:2      | Found a faded altar of an unknown god.
  1390 | D:2      | Found a shadowy altar of Dithmenos.
  1622 | D:3      | Noticed a scorpion
  1631 | D:3      | Killed a scorpion
  1632 | D:3      | Reached skill level 4 in Long Blades
  1632 | D:3      | Reached XP level 4. HP: 26/40 MP: 3/3
  1645 | D:3      | Found a snail-covered altar of Cheibriados.
  1655 | D:3      | Found an iron altar of Okawaru.
  1663 | D:3      | Became a worshipper of Warmaster Okawaru
  1761 | D:3      | Noticed a scorpion
  1768 | D:3      | Killed a scorpion
  1769 | D:3      | Reached skill level 1 in Dodging
  1769 | D:3      | Reached XP level 5. HP: 40/46 MP: 2/4
  1778 | D:3      | Found a glowing drain.
  1796 | Sewer    | Entered a sewer
  2016 | Sewer    | Reached skill level 5 in Long Blades
  2357 | Sewer    | Reached skill level 5 in Armour
  2357 | Sewer    | Reached XP level 6. HP: 19/53 MP: 1/5
  2672 | D:3      | Found a broken altar of Ashenzari.
  3002 | D:3      | Reached skill level 6 in Long Blades
  3219 | D:4      | Reached skill level 5 in Shields
  3283 | D:4      | Reached * piety under Okawaru
  3347 | D:4      | Reached XP level 7. HP: 59/60 MP: 6/6
  3793 | D:4      | Reached skill level 7 in Long Blades
  4405 | D:5      | Entered Level 5 of the Dungeon
  4423 | D:5      | Noticed Ijyb
  4450 | D:4      | Demolished by an ogre

Illustrated notes

Levels and vault maps discovered:
D:1:      nzn_arrival_settlement, layout_basic
D:2:      layout_rooms, basic_altar, ebering_ecumenical_altar_ruins
D:3:      layout_loops_ring, evilmike_ruin_ashenzari, jmf_multi_god_temple2,
          cheibrodos_sewer_entry_sluice
D:4:      layout_loops_corners, eino_curves_04, wad_floor_pattern_2,
          minmay_a_box_with_orc_wizards_in_it
D:5:      layout_gridville, mainiacjoe_overflow_surrounded_room,
          general_overflow_altar, temple_fountains, nicolae_sextant,
          uniq_grinder, uniq_ijyb, uniq_sigmund

Skill      XL: |  1  2  3  4  5  6  7 |
---------------+----------------------+-----
Armour         | 4 5 |  5.8
Long Blades    | 3 4 5 6 7 |  7.4
Fighting       | 4 |  4.8
Shields        | 4 5 |  5.7
Dodging        | 1 |  1.0
Stealth        | |  0.1

Action                     |  1- 3 |  4- 6 |  7- 9 || total
---------------------------+-------+-------+-------++-------
  Melee: Long sword        |    86 |   187 |    89 ||   362
         Headbutt          |    10 |    23 |    16 ||    49
    Use: Potion            |     5 |       |       ||     5
         Scroll            |     3 |     3 |       ||     6
 Armour: Scale mail        |    54 |       |       ||    54
         Plate armour      |    12 |   145 |    73 ||   230
  Dodge: Dodged            |    43 |    39 |    18 ||   100
  Block: Buckler           |    22 |    50 |    23 ||    95
